Map: Cradle of Death

Players

larsgj

  • Race: Terran Terran

wasp

  • Race: Protoss Protoss

VOD

Have the link to the VOD?

Description

Time

  • Played on: Dec. 21, 2018, 6:54 a.m.
  • Length: 35:56
Show
View Real Time Build Order
Export as new Build Order

larsgj Terran 

Build Orders:  

Get SALT Encoding   

  1  0:00  Orbital Command, SCV x12  
    0:10  Unknown  
    0:14  SCV  
  13  0:29  Supply Depot  
  13  0:31  Unknown  
  13  0:54  Barracks  
  13  1:09  SCV  
  14  1:21  Supply Depot  
  14  1:26  SCV, Marine  
  16  1:37  Marine  
  17  1:47  Refinery  
  17  1:48  SCV  
  18  1:55  Refinery  
  18  1:58  Marine  
  18  2:05  SCV  
  20  2:14  Marine  
  21  2:22  SCV  
  22  2:38  SCV  
  23  2:48  Marine  
  23  2:55  SCV  
  25  3:06  Engineering Bay  
  20  3:10  Marine  
  25  3:12  SCV  
  27  3:23  Marine  
  27  3:29  SCV  
  29  3:34  Supply Depot  
  29  3:45  Supply Depot  
  29  3:46  SCV  
  30  3:55  Terran Infantry Weapons Level 1  
  30  4:03  SCV  
  31  4:12  Barracks  
  31  4:20  SCV  
  32  4:34  Bunker  
  32  4:43  Barracks Tech Lab  
  32  4:49  Barracks Tech Lab  
  32  5:05  Bunker  
  32  5:28  Marauder  
  32  5:30  Marauder  
  36  5:41  Marauder  
  36  5:42  Marauder  
  38  5:53  Marine  
  37  6:32  Unknown  
  37  6:35  Terran Infantry Armor Level 1  
  37  6:46  Marine x2  
  39  6:56  Marine  
  39  6:57  Marine  
  41  7:06  Marine  
  41  7:07  Marine  
  41  7:16  Marine  
  41  7:17  Marine, Factory  
  41  7:19  Stabilizer Medpacks  
  43  7:20  Unknown  
  43  7:27  Marine x2  
  46  7:47  Command Center  
  46  8:18  Orbital Command  
  46  8:25  Neosteel Frame  
  31  10:01  Marine  
  31  10:02  Marine  
  31  10:11  Marine  
  31  10:12  Marine  
  31  10:14  Structure Armor  
  33  10:21  Marine  
  33  10:22  Marine  
  35  10:32  Marine x2  
  37  10:42  Marine x2  
  39  10:53  Marauder x2  
  39  10:56  SCV  
  44  11:00  Bunker  
  44  11:02  SCV  
  44  11:05  Medic x2  
  49  11:13  SCV  
  49  11:17  Armory  
  49  11:19  SCV  
  51  11:22  Starport  
  51  11:23  Factory Tech Lab  
  51  11:30  SCV  
  51  11:36  SCV  
  53  11:47  SCV  
  54  11:53  Marauder x2, SCV  
  59  12:04  SCV  
  59  12:05  Marauder  
  62  12:10  Refinery  
  62  12:16  Medic, Supply Depot  
  62  12:18  Marine  
  62  12:19  SCV  
  65  12:25  SCV  
  65  12:26  Medic  
  65  12:27  Refinery  
  65  12:28  Marine  
  70  13:05  Bunker  
  70  13:38  Bunker  
  70  13:43  Terran Vehicle and Ship Weapons Level 1  
  70  13:57  Starport  
  70  14:07  Fusion Core  
  70  14:35  Supply Depot  
  70  14:36  Marine  
  70  14:37  Supply Depot  
  70  14:38  SCV  
  70  14:39  Supply Depot  
  72  14:42  Supply Depot  
  72  14:55  SCV  
  73  15:05  Starport, Starport Tech Lab  
  73  15:07  Starport Tech Lab  
  73  15:12  SCV x2  
  75  15:29  SCV x2  
  77  15:38  Weapon Refit  
  77  15:44  Terran Infantry Weapons Level 2  
  77  15:46  SCV x2  
  79  15:58  Starport Tech Lab  
  79  16:03  SCV x2  
  81  16:20  SCV  
  81  16:22  Terran Vehicle And Ship Armor Level 1  
  80  18:28  Supply Depot  
  80  18:30  Supply Depot  
  80  18:31  Supply Depot  
  80  18:35  Supply Depot  
  80  18:37  Supply Depot  
  80  18:38  Supply Depot  
  80  18:42  Supply Depot  
  80  18:44  Supply Depot  
  80  18:46  Supply Depot  
  80  18:49  Supply Depot  
  80  18:51  Unknown  
  80  18:52  Supply Depot  
  80  18:54  Supply Depot  
  80  18:58  Supply Depot  
  80  19:02  Afterburners  
  80  19:07  Orbital Command  
  80  19:45  Battlecruiser  
  80  19:46  Battlecruiser x2  
  98  20:02  Advanced Optics  
  98  20:28  Battlecruiser x3  
  116  21:11  Battlecruiser x3  
  134  21:53  Battlecruiser  
  134  21:54  Battlecruiser x2  
  152  22:02  Terran Vehicle and Ship Weapons Level 2  
  152  22:12  Terran Infantry Armor Level 2  
  152  23:08  Bunker  
  152  23:41  Bunker  
  152  24:14  Bunker  
  152  25:03  Unknown  
  152  25:12  Terran Vehicle And Ship Armor Level 2  
  152  25:14  Battlecruiser x2  
  152  25:15  Battlecruiser  
  170  25:22  Terran Infantry Weapons Level 3  
  170  25:23  Unknown  
  170  25:54  Medic x2  
  170  25:57  Battlecruiser x3  
  186  26:04  Medic x2  
  196  26:14  Medic x2  
  200  27:39  Command Center  
  200  27:49  Bunker, Refinery  
  200  27:55  Refinery  
  200  28:22  Bunker, Terran Vehicle and Ship Weapons Level 3  
  200  29:39  Terran Infantry Armor Level 3  
  200  29:59  Unknown  
  200  30:13  Cloaking Field  
  200  30:14  Orbital Command  
  200  31:05  Phobos Weapons System  
  200  31:09  Replenishable Magazine  
  200  31:11  Concussive Shells  
  200  31:15  Incinerator Gauntlets  
  200  32:02  Terran Vehicle And Ship Armor Level 3  
  200  32:03  Advanced Optics  
  200  32:05  Ripwave Missiles  
  200  32:09  Cerberus Mines  
  200  32:15  Juggernaut Plating  
  200  33:08  Advanced Siege Tech  
Show
View Real Time Build Order
Export as new Build Order

wasp Protoss 

Build Orders:  

Get SALT Encoding   

  1  0:00  Probe x12 (Chrono Boost)  
    0:10  Unknown x2  
  12  0:25  Pylon  
  12  0:34  Unknown  
  12  1:14  Gateway  
  12  1:34  Assimilator  
  12  1:42  Probe (Chrono Boost)  
  12  1:45  Assimilator  
  13  1:55  Pylon  
  13  1:56  Probe (Chrono Boost)  
  14  2:10  Probe (Chrono Boost), Pylon  
  15  2:24  Probe (Chrono Boost)  
  15  2:25  Zealot  
  18  2:38  Probe (Chrono Boost)  
  19  2:54  Zealot  
  21  3:01  Cybernetics Core  
  21  3:13  Forge  
  21  3:55  Pylon  
  21  4:05  Zealot  
  21  4:06  Zealot  
  25  4:14  Stargate  
  25  4:23  Dragoon  
  27  4:51  Dragoon  
  29  5:12  Dragoon  
  25  7:23  Unknown  
  25  7:26  Dragoon  
  25  7:27  Dragoon  
  25  7:28  Dragoon  
  31  7:33  Phoenix x2  
  31  7:34  Phoenix  
  37  9:02  Zealot x2  
  37  9:03  Zealot  
  43  9:10  Phoenix x2  
  47  10:06  Fleet Beacon  
  47  10:21  Pylon  
  47  10:59  Pylon  
  47  11:13  Tempest x2  
  55  11:48  Pylon  
  55  11:53  Tempest  
  59  12:02  Probe (Chrono Boost)  
  60  12:16  Probe (Chrono Boost)  
  61  12:30  Probe (Chrono Boost)  
  62  12:41  Tempest  
  66  13:25  Double Graviton Beam  
  66  14:00  Pylon  
  66  14:14  Pylon  
  66  14:20  Pylon  
  66  14:29  Pylon  
  66  14:38  Pylon  
  66  14:44  Pylon  
  66  14:55  Disintegration  
  66  14:59  Dragoon  
  68  15:05  Dragoon  
  70  15:38  Tempest  
  74  15:55  Anion Pulse-Crystals  
  52  18:49  Unknown  
  48  19:48  Tempest x3  
  60  20:07  Protoss Ground Armor Level 1  
  60  20:53  Dragoon x3  
  66  21:04  Tempest  
  70  22:06  Tempest  
  74  22:16  Zealot  
  74  22:17  Zealot  
  78  22:47  Protoss Ground Weapons Level 1  
  78  23:28  Zealot x3  
  84  23:37  Tempest  
  74  25:24  Zealot  
  74  25:25  Zealot x2  
  80  25:31  Tempest  
  84  27:10  Zealot x2  
  84  27:11  Zealot  
  84  27:16  Tempest  
  60  30:02  Unknown  
  60  30:06  Zealot x2  
  60  30:07  Zealot  
  66  30:14  Tempest  
  70  30:29  Phoenix  
  72  30:30  Phoenix  
  74  30:59  Zealot  
  76  31:12  Dragoon  
  78  32:39  Tempest  
  82  33:06  Dragoon  
  84  33:10  Zealot x2  
Tags
 
Commander
ArtanisRaynor
Matchup
Co-op
Replay Pack
Multiplayer
Add a new tag
Caveats
  • Supply blocks, unpowered buildings, or Contaminate may cause inaccurate times.
  • Supply counts are checked every 10 seconds.